Zazza, neutral female human Tourist ---- ---- --..---..-- |....|....| -........-- --.........| |.........-| --.....<....-- |.......@....| ------...*......-- |..---.h........| -..............f| |.....---.....GGd.-- ....----- |..........| --.. |....)....-- -.. |..h......-- ..- ---........| -- |.......-- |.......| |......-- ----.--- --- Zazza the Rambler Experience level: 2 Strength: 9 Dexterity: 14 Constitution: 16 Intelligence: 14 Wisdom: 10 Charisma: 18 Health: 0(17) Energy: 6(6) Def: 3 Gold: 807 Moves: 6502 Dungeon seed: KxKaRKAhpezDzr5- Game ID: Zazza_1619073082 Your Inventory: Coins $ - 807 gold pieces Weapons a - 6 +0 daggers (wielded) d - 27 blessed +2 darts Armor e - an uncursed +0 Hawaiian shirt (being worn) q - an uncursed +0 pair of kicking boots (being worn) r - a cursed +0 alchemy smock (being worn) z - an uncursed +0 orcish helm (being worn) Comestibles b - an uncursed tripe ration f - an uncursed sprig of wolfsbane g - an uncursed egg P - an uncursed lichen corpse Potions h - an uncursed potion of extra healing Rings C - an uncursed ring of warning J - an uncursed ring of teleportation Wands H - a wand of polymorph (0:3) K - a wand of light (0:12) Tools k - an uncursed skeleton key l - an expensive camera (0:62) o - an uncursed stethoscope t - an uncursed towel F - a +0 pick-axe Spells and supernatural/magical abilities: Name Level Category Fail Memory W - pray for help -- divine ? -- Your skills at the end: Fighting Skills Weapon Skills dart [Basic] Spellcasting Skills Final Attributes: You were stridently aligned. You were poison resistant. You were acid resistant. You were telepathic. You are dead. Vanquished creatures: an imp 2 ponies a fog cloud a gnome lord a straw golem a paper golem a little dog 3 floating eyes 3 dwarves a homunculus 2 dwarf zombies a wererat 2 iguanas 2 acid blobs 6 coyotes 2 gas spores 2 hobbits 2 manes a hobgoblin a giant rat a brown mold 2 yellow molds a red mold 11 gnomes 3 garter snakes 7 geckos 13 jackals 3 foxes 4 kobolds 8 goblins 2 sewer rats 12 grid bugs 11 lichens a kobold zombie 9 newts 124 creatures vanquished. Voluntary challenges: You used a wielded weapon 4 times, starting on turn 2162. You read items or engraved 7 times, starting on turn 795. You never genocided any monsters. You never polymorphed an object. You never changed form. You used no wishes. You never split a pudding. You wrote Elbereth's name 2 times, starting on turn 6044. You never violated your personal moral code. Dungeon overview: The Dungeons of Doom: levels 1 to 7 Level 1 a fountain a long staircase Level 2 an armor shop, an altar to Blind Io Level 3 a sink stairs to The Gnomish Mines Level 4 Level 5 a fountain Level 6 Level 7 a long staircase The Gnomish Mines: levels 4 to 5 Level 4 stairs to The Dungeons of Doom Level 5 <- You were here History has recorded: On T:1 you entered the Dungeons of Doom to retrieve the Amulet of Yendor! On T:406 you reached level 2 of The Dungeons of Doom. On T:1466 you reached level 3 of The Dungeons of Doom. On T:2109 you reached level 1 of The Gnomish Mines. On T:2127 you reached level 4 of The Dungeons of Doom. On T:2485 you reached level 5 of The Dungeons of Doom. On T:3467 you advanced to experience level 2. On T:3504 you reached level 6 of The Dungeons of Doom. On T:3839 you reached level 7 of The Dungeons of Doom. On T:5403 you reached level 2 of The Gnomish Mines. Score breakdown: Gold: 779 ( 9837 points) Experience: 2 levels ( 5570 points) Exploration: 7 levels ( 14.00%) (10497 points) Discoveries: 12 items ( 4.03%) ( 6020 points) Valuables value: (no points given unless you survive) Artifact value: 0 ( 0 points) Variety of kills: 35 monsters ( 9.19%) ( 9092 points) Turncount: 6502 turns (-1742 points) Survival: died (score multiplied by 80%) Total score: 31419 Latest messages: You stop travelling. The gnome lord hits! (2x) You displace Armand. Armand bites the gnome. The gnome is killed! You stop. Your dog is in the way! The gnome wields a crossbow! You displace Armand. You displace your dog. You write in the dust with your fingers. The gnome zaps a short wand! The wand hits the dwarf! The dwarf resists! The wand hits the dog! The dog bites the garter snake. The garter snake is killed! The gnome shoots a crossbow bolt! The crossbow bolt hits the dwarf. The dog misses the gnome. (2x) The gnome zaps a wand of striking! The wand hits you! You die... Final status: Aloha Zazza the Tourist, killed by a wand... You died in The Gnomish Mines on dungeon level 5 with 31419 points, and 807 pieces of gold, after 6502 moves. You were level 2 with a maximum of 17 hit points when you died.